Sharks vs Maple Leafs
Created - April 4, 2024 at 19:18
Goals
|
| Sharks |
1 |
1 |
0 |
1 |
3 |
| Maple Leafs |
1 |
1 |
0 |
0 |
2 |
|
Shots
|
| Sharks |
3 |
11 |
8 |
2 |
24 |
| Maple Leafs |
8 |
10 |
9 |
1 |
28 |
|
1st period
1. Sharks , Zach Parise 13 (Ronalds Kenins 28, Drew Doughty 52) at 3:55
2. Maple Leafs , Elias Pettersson 13 (Jason Zucker 33, John Klingberg 27) at 19:00
Penalties :
Ronalds Kenins (S.J) for High sticking (Minor) at 1:44, Andreas Martinsen (S.J) for Holding (Minor) at 10:48, Mike Lundin (S.J) for Hooking (Minor) at 14:25
2nd period
3. Maple Leafs , Tye McGinn 9 (John Klingberg 28, Nicholas Baptiste 13) at 12:41
4. Sharks , Drew Doughty 18 (Conor Sheary 24, Ronalds Kenins 29) at 16:32 (PP)
Penalties :
Ronalds Kenins (S.J) for High sticking (Double Minor) at 1:13, Aleksander Barkov (TOR) for Interference (Minor) at 10:13, Evander Kane (TOR) for Holding Stick (Minor) at 16:17
3rd period
No Goal
Penalties :
Brendan Gaunce (S.J) for Hooking (Minor) at 17:19
Overtime #1
5. Sharks , Ronalds Kenins 25 (Conor Sheary 25) at 0:38
Penalties :
No Penalty
Goalie Stats
Malcolm Subban (S.J), 26 saves from 28 shots - (0.929), W, 6-9-0, 60:38 minutes
Kristers Gudlevskis (TOR), 21 saves from 24 shots - (0.875), OTL, 23-19-5, 60:38 minutes
Players Stats for Sharks
Player Name G A P +/- PIM S H SB GA TA FO MP PP MP PK MP
------------------------------------------------------------------------------------
Andreas Martinsen 0 0 0 0 2 0 0 0 0 0 0/0 3:10 0:00 1:48
Arturs Kulda 0 0 0 0 0 2 1 0 0 1 0/0 13:04 0:00 2:14
Boone Jenner 0 0 0 -2 0 1 2 0 0 0 7/21 20:22 1:10 4:27
Brendan Gaunce 0 0 0 0 2 1 0 0 0 0 3/5 13:00 0:00 1:24
Connor Murphy 0 0 0 0 0 0 1 2 0 0 0/0 11:51 0:00 0:47
Conor Sheary 0 2 2 -1 0 2 1 1 1 0 2/6 22:17 1:10 6:01
Daniel Carcillo 0 0 0 0 0 2 0 0 0 0 0/5 14:45 0:00 3:17
Drew Doughty 1 1 2 1 0 3 1 1 0 2 0/0 27:27 1:36 6:31
Gustav Nyquist 0 0 0 0 0 2 0 0 0 0 0/2 5:31 0:00 0:24
Jeremy Morin 0 0 0 0 0 1 2 0 0 0 0/0 5:23 0:00 0:17
Markus Nutivaara 0 0 0 -1 0 1 0 0 0 0 0/0 21:07 0:38 4:15
Mike Lundin 0 0 0 0 2 1 0 1 0 1 0/0 25:46 1:36 5:16
Oscar Sundqvist 0 0 0 1 0 1 1 0 0 0 4/12 15:29 1:04 0:00
Ronalds Kenins 1 2 3 -1 6 3 4 1 0 0 1/5 23:44 1:10 3:10
Tyler Cuma 0 0 0 -1 0 1 0 1 1 0 0/0 21:28 0:38 4:47
Vince Hinostroza 0 0 0 0 0 0 1 0 0 1 0/0 11:20 0:00 0:00
Wayne Simmonds 0 0 0 1 0 0 0 0 0 0 0/1 18:41 1:04 3:02
Zach Parise 1 0 1 1 0 3 2 1 0 0 0/0 15:29 1:04 0:00
Players Stats for Maple Leafs
Player Name G A P +/- PIM S H SB GA TA FO MP PP MP PK MP
------------------------------------------------------------------------------------
Aleksander Barkov 0 0 0 -1 2 1 0 1 0 0 4/5 10:38 0:28 0:00
Andre Burakovsky 0 0 0 0 0 4 1 0 1 0 1/2 20:43 5:52 0:00
Ben Smith 0 0 0 0 0 2 2 0 0 0 3/4 20:48 5:16 1:27
Bo Horvat 0 0 0 0 0 3 3 1 0 0 20/25 21:05 5:44 0:28
Brandon Saad 0 0 0 -1 0 0 3 0 0 0 0/0 11:10 0:48 0:07
Brenden Dillon 0 0 0 0 0 0 0 0 1 0 0/0 13:43 0:10 0:00
Elias Pettersson 1 0 1 1 0 3 0 1 0 0 7/14 18:43 5:16 0:00
Evander Kane 0 0 0 -1 2 6 2 0 1 0 2/4 22:34 5:46 1:20
Haydn Fleury 0 0 0 0 0 0 1 1 0 0 0/0 13:43 0:10 0:00
Jason Zucker 0 1 1 1 0 3 1 0 0 0 0/0 19:07 5:16 0:28
John Klingberg 0 2 2 1 0 1 0 5 0 0 0/0 27:33 7:14 1:32
Jon Merrill 0 0 0 -1 0 2 1 2 1 1 0/0 24:18 7:14 1:32
Luke Schenn 0 0 0 0 0 0 1 0 0 0 0/0 18:44 4:31 0:42
Nicholas Baptiste 0 1 1 -1 0 1 0 0 0 0 0/0 10:47 0:39 0:00
Patrice Cormier 0 0 0 1 0 0 0 0 1 0 3/3 8:00 0:00 0:38
Pontus Aberg 0 0 0 1 0 1 1 0 0 0 0/0 7:15 0:00 0:00
Tye McGinn 1 0 1 1 0 1 0 0 0 0 0/0 8:10 0:40 0:00
Zach Werenski 0 0 0 1 0 0 1 3 0 1 0/0 22:37 4:31 0:42
3 Stars
1 - Drew Doughty (S.J)
2 - Zach Parise (S.J)
3 - John Klingberg (TOR)
Power Play
Sharks - 1 on 2 Attempt(s) - 50.00%
Maple Leafs - 0 on 6 Attempt(s) - 0.00%
Penalty Kill
Sharks - 6 on 6 Attempt(s) - 100.00%
- Score 0 goal in Penalty Kill
Maple Leafs - 1 on 2 Attempt(s) - 50.00%
- Score 0 goal in Penalty Kill
Team Stat
Sharks - Hits : 16 - Faceoff Wins : 17 - Blocked Shots : 8 - Penalty Minutes : 12
Maple Leafs - Hits : 17 - Faceoff Wins : 40 - Blocked Shots : 14 - Penalty Minutes : 4
Official
Referees : Graham Skilliter and Brad Meier
Linesman : Scott Cherrey and James Tobias
Game Notes
No Game Note
Finance
Level 1 -- Attendance: 6000 (100.00%) -- Ticket Income $600,000
Level 2 -- Attendance: 4978 (99.56%) -- Ticket Income $298,680
Level 3 -- Attendance: 1871 (93.55%) -- Ticket Income $65,485
Level 4 -- Attendance: 3836 (95.90%) -- Ticket Income $95,900
Luxury Box -- Attendance: 1000 (100.00%) -- Ticket Income $200,000
Game was played at the Scotiabank Arena.
Total Attendance: 17685 (98.25%)
Total Ticket Income: $1,260,065
Other Income: $189,010
Total Income: $1,449,075
Sharks
5 vs 5 Forward
Center Left Wing Right Wing Time % Phy DF OF
1 Boone Jenner Ronalds Kenins Conor Sheary 40 1 2 2
2 Oscar Sundqvist Zach Parise Wayne Simmonds 30 1 2 2
3 Brendan Gaunce Daniel Carcillo Vince Hinostroza 20 1 2 2
4 Gustav Nyquist Jeremy Morin Ronalds Kenins 10 1 2 2
5 vs 5 Defense
Defense Defense Time % Phy DF OF
1 Drew Doughty Mike Lundin 40 1 2 2
2 Tyler Cuma Markus Nutivaara 30 1 2 2
3 Connor Murphy Arturs Kulda 20 1 2 2
4 Drew Doughty Mike Lundin 10 1 2 2
PowerPlay Forward
Center Left Wing Right Wing Time % Phy DF OF
1 Boone Jenner Ronalds Kenins Conor Sheary 60 1 2 2
2 Oscar Sundqvist Zach Parise Wayne Simmonds 40 1 2 2
PowerPlay Defense
Defense Defense Time % Phy DF OF
1 Drew Doughty Mike Lundin 60 1 2 2
2 Tyler Cuma Markus Nutivaara 40 1 2 2
Penalty Kill 4 Players Forward
Center Wing Time % Phy DF OF
1 Ronalds Kenins Conor Sheary 60 1 2 2
2 Wayne Simmonds Boone Jenner 40 1 2 2
Penalty Kill 4 Players Defense
Defense Defense Time % Phy DF OF
1 Drew Doughty Mike Lundin 60 1 2 2
2 Tyler Cuma Markus Nutivaara 40 1 2 2
Penalty Kill - 3 Players Forward
Forward Time % Phy DF OF
1 Ronalds Kenins 60 1 2 2
2 Conor Sheary 40 1 2 2
Penalty Kill - 3 Players Defense
Defense Defense Time % Phy DF OF
1 Drew Doughty Mike Lundin 60 1 2 2
2 Tyler Cuma Markus Nutivaara 40 1 2 2
4 vs 4 Forward
Center Wing Time % Phy DF OF
1 Ronalds Kenins Conor Sheary 60 1 2 2
2 Wayne Simmonds Boone Jenner 40 1 2 2
4 vs 4 Defense
Defense Defense Time % Phy DF OF
1 Drew Doughty Mike Lundin 60 1 2 2
2 Tyler Cuma Markus Nutivaara 40 1 2 2
Last Minutes Offensive
Center Left Wing Right Wing Defense Defense
Boone Jenner Ronalds Kenins Conor Sheary Drew Doughty Mike Lundin
Last Minutes Defensive
Center Left Wing Right Wing Defense Defense
Boone Jenner Ronalds Kenins Conor Sheary Drew Doughty Mike Lundin
Goaltenders
Starting : Malcolm Subban
Backup : Philipp Grubauer
Extra Forwards
Normal : Andreas Martinsen, Brendan Gaunce, Daniel Carcillo - PP : Andreas Martinsen, Brendan Gaunce - PK : Daniel Carcillo
Extra Defensemen
Normal : Connor Murphy, Arturs Kulda, Tyler Cuma - PP : Connor Murphy - PK : Arturs Kulda, Tyler Cuma
Penalty Shots
Ronalds Kenins, Conor Sheary, Wayne Simmonds, Boone Jenner, Oscar Sundqvist
Custom OT Lines Forwards
Ronalds Kenins, Conor Sheary, Wayne Simmonds, Boone Jenner, Oscar Sundqvist, Zach Parise, Brendan Gaunce, Daniel Carcillo, Jeremy Morin, Andreas Martinsen
Custom OT Lines Defensemen
Drew Doughty, Mike Lundin, Tyler Cuma, Markus Nutivaara, Connor Murphy
Scratches
Steven Stamkos (Healthy), MacKenzie Weegar (Healthy)
Maple Leafs
5 vs 5 Forward
Center Left Wing Right Wing Time % Phy DF OF
1 Bo Horvat Evander Kane Andre Burakovsky 40 1 2 2
2 Elias Pettersson Jason Zucker Ben Smith 30 1 2 2
3 Aleksander Barkov Brandon Saad Nicholas Baptiste 20 1 2 2
4 Patrice Cormier Tye McGinn Pontus Aberg 10 1 2 2
5 vs 5 Defense
Defense Defense Time % Phy DF OF
1 Zach Werenski John Klingberg 40 1 2 2
2 Jon Merrill Luke Schenn 30 1 2 2
3 Brenden Dillon Haydn Fleury 20 1 2 2
4 John Klingberg Jon Merrill 10 1 2 2
PowerPlay Forward
Center Left Wing Right Wing Time % Phy DF OF
1 Bo Horvat Evander Kane Andre Burakovsky 60 1 2 2
2 Elias Pettersson Jason Zucker Ben Smith 40 1 2 2
PowerPlay Defense
Defense Defense Time % Phy DF OF
1 Jon Merrill John Klingberg 60 1 2 2
2 Zach Werenski Luke Schenn 40 1 2 2
Penalty Kill 4 Players Forward
Center Wing Time % Phy DF OF
1 Evander Kane Ben Smith 60 1 2 2
2 Bo Horvat Jason Zucker 40 1 2 2
Penalty Kill 4 Players Defense
Defense Defense Time % Phy DF OF
1 Jon Merrill John Klingberg 60 1 2 2
2 Zach Werenski Luke Schenn 40 1 2 2
Penalty Kill - 3 Players Forward
Forward Time % Phy DF OF
1 Evander Kane 60 1 2 2
2 Ben Smith 40 1 2 2
Penalty Kill - 3 Players Defense
Defense Defense Time % Phy DF OF
1 Jon Merrill John Klingberg 60 1 2 2
2 Zach Werenski Luke Schenn 40 1 2 2
4 vs 4 Forward
Center Wing Time % Phy DF OF
1 Evander Kane Ben Smith 60 1 2 2
2 Bo Horvat Jason Zucker 40 1 2 2
4 vs 4 Defense
Defense Defense Time % Phy DF OF
1 Jon Merrill John Klingberg 60 1 2 2
2 Zach Werenski Luke Schenn 40 1 2 2
Last Minutes Offensive
Center Left Wing Right Wing Defense Defense
Bo Horvat Evander Kane Andre Burakovsky Jon Merrill John Klingberg
Last Minutes Defensive
Center Left Wing Right Wing Defense Defense
Bo Horvat Evander Kane Ben Smith Jon Merrill John Klingberg
Goaltenders
Starting : Kristers Gudlevskis
Backup : Pavel Francouz
Extra Forwards
Normal : Tye McGinn, Brandon Saad, Patrice Cormier - PP : Tye McGinn, Brandon Saad - PK : Patrice Cormier
Extra Defensemen
Normal : Brenden Dillon, Haydn Fleury, Zach Werenski - PP : Brenden Dillon - PK : Haydn Fleury, Zach Werenski
Penalty Shots
Evander Kane, Ben Smith, Bo Horvat, Jason Zucker, Aleksander Barkov
Custom OT Lines Forwards
Evander Kane, Ben Smith, Bo Horvat, Jason Zucker, Aleksander Barkov, Tye McGinn, Brandon Saad, Patrice Cormier, Pontus Aberg, Elias Pettersson
Custom OT Lines Defensemen
Jon Merrill, John Klingberg, Zach Werenski, Luke Schenn, Brenden Dillon
Scratches
Brett Pesce (Healthy), Valentin Zykov (Healthy)
% Time on Ice - Sharks
Lines # - Real PCT - Wanted PCT - Time Play
Normal Forward
1 - 33% - 40% - 14:57
2 - 32% - 30% - 14:35
3 - 24% - 20% - 11:13
4 - 11% - 10% - 5:06
Normal Defense
1 - 39% - 40% - 18:03
2 - 35% - 30% - 16:05
3 - 23% - 20% - 10:44
4 - 2% - 10% - 0:59
PP Forward
1 - 52% - 60% - 1:10
2 - 48% - 40% - 1:04
PP Defense
1 - 72% - 60% - 1:36
2 - 28% - 40% - 0:38
PK Forward
1 - 75% - 60% - 8:53
2 - 25% - 40% - 3:02
PK Defense
1 - 60% - 60% - 7:08
2 - 40% - 40% - 4:47
PK3 Forward
1 - 0% - 60%
2 - 0% - 40%
PK3 Defense
1 - 0% - 60%
2 - 0% - 40%
44 Forward
1 - 0% - 60%
2 - 0% - 40%
44 Defense
1 - 0% - 60%
2 - 0% - 40%
Last Minute Offensive - 0:00
Last Minute Defensive - 0:00
Total
Forward - 60:00
Defense - 60:00
|
% Time on Ice - Maple Leafs
Lines # - Real PCT - Wanted PCT - Time Play
Normal Forward
1 - 33% - 40% - 14:58
2 - 29% - 30% - 13:30
3 - 22% - 20% - 10:08
4 - 16% - 10% - 7:15
Normal Defense
1 - 36% - 40% - 16:44
2 - 29% - 30% - 13:31
3 - 30% - 20% - 13:33
4 - 4% - 10% - 2:03
PP Forward
1 - 55% - 60% - 6:34
2 - 45% - 40% - 5:21
PP Defense
1 - 62% - 60% - 7:24
2 - 38% - 40% - 4:31
PK Forward
1 - 79% - 60% - 1:46
2 - 21% - 40% - 0:28
PK Defense
1 - 69% - 60% - 1:32
2 - 31% - 40% - 0:42
PK3 Forward
1 - 0% - 60%
2 - 0% - 40%
PK3 Defense
1 - 0% - 60%
2 - 0% - 40%
44 Forward
1 - 0% - 60%
2 - 0% - 40%
44 Defense
1 - 0% - 60%
2 - 0% - 40%
Last Minute Offensive - 0:00
Last Minute Defensive - 0:00
Total
Forward - 60:00
Defense - 60:00
|
Play-by-Play
1st period
0:01 of 1st period - Bo Horvat wins face-off versus Boone Jenner in neutral zone.
0:48 of 1st period - Off-side.
0:49 of 1st period - Aleksander Barkov wins face-off versus Brendan Gaunce in neutral zone.
1:16 of 1st period - Icing by Tyler Cuma.
1:17 of 1st period - Patrice Cormier wins face-off versus Gustav Nyquist in Sharks zone.
1:20 of 1st period - Slapshot by John Klingberg.
1:20 of 1st period - Deflect By Pontus Aberg.
1:20 of 1st period - Stopped by Malcolm Subban without a rebound.
1:21 of 1st period - Boone Jenner wins face-off versus Bo Horvat in Sharks zone.
1:36 of 1st period - Slapshot by John Klingberg.
1:36 of 1st period - Shot Blocked by Connor Murphy.
1:44 of 1st period - Minor Penalty to Ronalds Kenins for High sticking.
1:45 of 1st period - Bo Horvat wins face-off versus Daniel Carcillo in Sharks zone.
1:56 of 1st period - Snap shot by Bo Horvat.
1:56 of 1st period - Stopped by Malcolm Subban with a rebound.
2:02 of 1st period - Snap shot by Bo Horvat.
2:02 of 1st period - Deflect By Evander Kane.
2:02 of 1st period - Shot Misses the Net.
2:02 of 1st period - Puck is out of play.
2:03 of 1st period - Elias Pettersson wins face-off versus Daniel Carcillo in Sharks zone.
2:54 of 1st period - Daniel Carcillo is hit by Jason Zucker and loses puck.
3:44 of 1st period - Penalty to Ronalds Kenins is over, Ronalds Kenins is back on ice.
3:53 of 1st period - Wrist shot by Ronalds Kenins.
3:53 of 1st period - Shot Blocked by Jon Merrill.
3:55 of 1st period - Snap shot by Zach Parise.
3:55 of 1st period - Goal by Zach Parise - Sharks : 1 - Maple Leafs : 0.
3:56 of 1st period - Elias Pettersson wins face-off versus Oscar Sundqvist in neutral zone.
3:59 of 1st period - Snap shot by Ben Smith.
3:59 of 1st period - Shot Misses the Net.
4:03 of 1st period - Snap shot by Elias Pettersson.
4:03 of 1st period - Stopped by Malcolm Subban with a rebound.
4:05 of 1st period - Wrist shot by Ben Smith.
4:05 of 1st period - Shot Misses the Net.
4:23 of 1st period - Bo Horvat is hit by Drew Doughty and loses puck.
5:46 of 1st period - Snap shot by Evander Kane.
5:46 of 1st period - Shot Blocked by Connor Murphy.
5:48 of 1st period - Slapshot by Evander Kane.
5:48 of 1st period - Stopped by Malcolm Subban with a rebound.
5:50 of 1st period - Snap shot by Andre Burakovsky.
5:50 of 1st period - Shot Misses the Net.
5:52 of 1st period - Snap shot by Andre Burakovsky.
5:52 of 1st period - Stopped by Malcolm Subban without a rebound.
5:53 of 1st period - Oscar Sundqvist wins face-off versus Elias Pettersson in Sharks zone.
6:21 of 1st period - Icing by Daniel Carcillo.
6:22 of 1st period - Bo Horvat wins face-off versus Daniel Carcillo in Sharks zone.
6:57 of 1st period - Slapshot by Conor Sheary.
6:57 of 1st period - Shot Blocked by Aleksander Barkov.
6:59 of 1st period - Slapshot by Markus Nutivaara.
6:59 of 1st period - Shot Blocked by Jon Merrill.
7:01 of 1st period - Wrist shot by Conor Sheary.
7:01 of 1st period - Stopped by Kristers Gudlevskis without a rebound.
7:02 of 1st period - Oscar Sundqvist wins face-off versus Andre Burakovsky in Maple Leafs zone.
8:41 of 1st period - Wrist shot by Evander Kane.
8:41 of 1st period - Stopped by Malcolm Subban with a rebound.
8:43 of 1st period - Slapshot by Andre Burakovsky.
8:43 of 1st period - Stopped by Malcolm Subban with a rebound.
8:45 of 1st period - Snap shot by Andre Burakovsky.
8:45 of 1st period - Shot Blocked by Tyler Cuma.
10:48 of 1st period - Minor Penalty to Andreas Martinsen for Holding.
10:49 of 1st period - Bo Horvat wins face-off versus Ronalds Kenins in Sharks zone.
11:25 of 1st period - Snap shot by Ben Smith.
11:25 of 1st period - Shot Blocked by Conor Sheary.
12:48 of 1st period - Penalty to Andreas Martinsen is over, Andreas Martinsen is back on ice.
14:25 of 1st period - Minor Penalty to Mike Lundin for Hooking.
14:26 of 1st period - Bo Horvat wins face-off versus Ronalds Kenins in Sharks zone.
14:50 of 1st period - Wayne Simmonds is hit by Jon Merrill and loses puck.
16:08 of 1st period - Icing by Evander Kane.
16:09 of 1st period - Bo Horvat wins face-off versus Daniel Carcillo in Maple Leafs zone.
16:25 of 1st period - Penalty to Mike Lundin is over, Mike Lundin is back on ice.
17:13 of 1st period - Wrist shot by Ronalds Kenins.
17:13 of 1st period - Stopped by Kristers Gudlevskis without a rebound.
17:14 of 1st period - Boone Jenner wins face-off versus Elias Pettersson in Maple Leafs zone.
17:47 of 1st period - Elias Pettersson is hit by Ronalds Kenins and loses puck.
17:58 of 1st period - Slapshot by Ronalds Kenins.
17:58 of 1st period - Shot Blocked by John Klingberg.
18:46 of 1st period - Wrist shot by Conor Sheary.
18:46 of 1st period - Shot Misses the Net.
19:00 of 1st period - Snap shot by Elias Pettersson.
19:00 of 1st period - Goal by Elias Pettersson - Sharks : 1 - Maple Leafs : 1.
19:01 of 1st period - Bo Horvat wins face-off versus Oscar Sundqvist in neutral zone.
Goals for this period are 1 for Sharks vs 1 for Maple Leafs.
Shots for this period are 3 for Sharks vs 8 for Maple Leafs.
2nd period
0:01 of 2nd period - Conor Sheary wins face-off versus Bo Horvat in neutral zone.
0:14 of 2nd period - Ronalds Kenins is hit by Andre Burakovsky and loses puck.
0:33 of 2nd period - Backhand shot by Oscar Sundqvist.
0:33 of 2nd period - Shot Misses the Net.
0:55 of 2nd period - Slapshot by Aleksander Barkov.
0:55 of 2nd period - Stopped by Malcolm Subban without a rebound.
0:56 of 2nd period - Bo Horvat wins face-off versus Boone Jenner in Sharks zone.
1:13 of 2nd period - Double Minor Penalty to Ronalds Kenins for High sticking.
1:14 of 2nd period - Bo Horvat wins face-off versus Daniel Carcillo in Sharks zone.
1:48 of 2nd period - Snap shot by Jason Zucker.
1:48 of 2nd period - Shot Misses the Net.
1:50 of 2nd period - Snap shot by Elias Pettersson.
1:50 of 2nd period - Stopped by Malcolm Subban with a rebound.
3:44 of 2nd period - Boone Jenner is hit by Bo Horvat and loses puck.
5:13 of 2nd period - Penalty to Ronalds Kenins is over, Ronalds Kenins is back on ice.
5:26 of 2nd period - Patrice Cormier is hit by Jeremy Morin and loses puck.
5:31 of 2nd period - Wrist shot by Gustav Nyquist.
5:31 of 2nd period - Shot Misses the Net.
5:33 of 2nd period - Snap shot by Jeremy Morin.
5:33 of 2nd period - Stopped by Kristers Gudlevskis without a rebound.
5:34 of 2nd period - Aleksander Barkov wins face-off versus Oscar Sundqvist in Maple Leafs zone.
6:33 of 2nd period - Icing by Daniel Carcillo.
6:34 of 2nd period - Bo Horvat wins face-off versus Oscar Sundqvist in Sharks zone.
6:59 of 2nd period - Slapshot by Drew Doughty.
6:59 of 2nd period - Shot Blocked by Elias Pettersson.
7:33 of 2nd period - Snap shot by Daniel Carcillo.
7:33 of 2nd period - Stopped by Kristers Gudlevskis with a rebound.
7:49 of 2nd period - Snap shot by Bo Horvat.
7:49 of 2nd period - Stopped by Malcolm Subban with a rebound.
7:51 of 2nd period - Slapshot by Jon Merrill.
7:51 of 2nd period - Stopped by Malcolm Subban without a rebound.
7:52 of 2nd period - Bo Horvat wins face-off versus Conor Sheary in Sharks zone.
7:57 of 2nd period - Snap shot by Andre Burakovsky.
7:57 of 2nd period - Shot Misses the Net.
8:42 of 2nd period - Drew Doughty is hit by Brandon Saad and loses puck.
9:11 of 2nd period - Ronalds Kenins is hit by Pontus Aberg and loses puck.
9:36 of 2nd period - Evander Kane is hit by Conor Sheary and loses puck.
10:13 of 2nd period - Minor Penalty to Aleksander Barkov for Interference.
10:14 of 2nd period - Oscar Sundqvist wins face-off versus Evander Kane in Maple Leafs zone.
10:14 of 2nd period - Snap shot by Zach Parise.
10:14 of 2nd period - Stopped by Kristers Gudlevskis without a rebound.
10:15 of 2nd period - Ben Smith wins face-off versus Oscar Sundqvist in Maple Leafs zone.
10:26 of 2nd period - Wrist shot by Mike Lundin.
10:26 of 2nd period - Stopped by Kristers Gudlevskis without a rebound.
10:27 of 2nd period - Evander Kane wins face-off versus Boone Jenner in Maple Leafs zone.
10:27 of 2nd period - Evander Kane is hit by Boone Jenner.
10:56 of 2nd period - Off-side.
10:57 of 2nd period - Evander Kane wins face-off versus Oscar Sundqvist in neutral zone.
11:18 of 2nd period - Wrist shot by Ronalds Kenins.
11:18 of 2nd period - Stopped by Kristers Gudlevskis with a rebound.
11:28 of 2nd period - Conor Sheary is hit by Luke Schenn and loses puck.
12:01 of 2nd period - Off-side.
12:02 of 2nd period - Bo Horvat wins face-off versus Wayne Simmonds in neutral zone.
12:13 of 2nd period - Penalty to Aleksander Barkov is over, Aleksander Barkov is back on ice.
12:27 of 2nd period - Snap shot by Aleksander Barkov.
12:27 of 2nd period - Shot Blocked by Drew Doughty.
12:39 of 2nd period - Snap shot by John Klingberg.
12:39 of 2nd period - Stopped by Malcolm Subban with a rebound.
12:41 of 2nd period - Slapshot by Tye McGinn.
12:41 of 2nd period - Goal by Tye McGinn - Sharks : 1 - Maple Leafs : 2.
12:42 of 2nd period - Bo Horvat wins face-off versus Boone Jenner in neutral zone.
12:45 of 2nd period - Slapshot by John Klingberg.
12:45 of 2nd period - Shot Blocked by Mike Lundin.
13:14 of 2nd period - Ben Smith is hit by Oscar Sundqvist and loses puck.
14:23 of 2nd period - Wrist shot by Andre Burakovsky.
14:23 of 2nd period - Shot Misses the Net.
14:35 of 2nd period - Snap shot by Elias Pettersson.
14:35 of 2nd period - Shot Blocked by Zach Parise.
14:37 of 2nd period - Wrist shot by Jason Zucker.
14:37 of 2nd period - Stopped by Malcolm Subban without a rebound.
14:38 of 2nd period - Elias Pettersson wins face-off versus Oscar Sundqvist in Sharks zone.
15:14 of 2nd period - Slapshot by Daniel Carcillo.
15:14 of 2nd period - Shot Misses the Net.
15:16 of 2nd period - Slapshot by Arturs Kulda.
15:16 of 2nd period - Shot Blocked by Haydn Fleury.
15:18 of 2nd period - Wrist shot by Brendan Gaunce.
15:18 of 2nd period - Deflect By Daniel Carcillo.
15:18 of 2nd period - Stopped by Kristers Gudlevskis without a rebound.
15:19 of 2nd period - Elias Pettersson wins face-off versus Boone Jenner in Maple Leafs zone.
15:19 of 2nd period - Elias Pettersson is hit by Ronalds Kenins.
15:39 of 2nd period - Ronalds Kenins is hit by Zach Werenski and loses puck.
15:54 of 2nd period - Snap shot by Evander Kane.
15:54 of 2nd period - Stopped by Malcolm Subban without a rebound.
15:55 of 2nd period - Bo Horvat wins face-off versus Oscar Sundqvist in Sharks zone.
16:02 of 2nd period - Snap shot by Evander Kane.
16:02 of 2nd period - Shot Misses the Net.
16:04 of 2nd period - Wrist shot by Evander Kane.
16:04 of 2nd period - Deflect By Andre Burakovsky.
16:04 of 2nd period - Stopped by Malcolm Subban with a rebound.
16:06 of 2nd period - Wrist shot by Andre Burakovsky.
16:06 of 2nd period - Stopped by Malcolm Subban without a rebound.
16:07 of 2nd period - Boone Jenner wins face-off versus Bo Horvat in Sharks zone.
16:14 of 2nd period - Snap shot by Drew Doughty.
16:14 of 2nd period - Deflect By Zach Werenski.
16:14 of 2nd period - Stopped by Kristers Gudlevskis without a rebound.
16:15 of 2nd period - Bo Horvat wins face-off versus Boone Jenner in Maple Leafs zone.
16:17 of 2nd period - Minor Penalty to Evander Kane for Holding Stick.
16:18 of 2nd period - Patrice Cormier wins face-off versus Boone Jenner in Maple Leafs zone.
16:30 of 2nd period - Wrist shot by Conor Sheary.
16:30 of 2nd period - Shot Misses the Net.
16:32 of 2nd period - Slapshot by Drew Doughty.
16:32 of 2nd period - Goal by Drew Doughty - Sharks : 2 - Maple Leafs : 2.
16:33 of 2nd period - Andre Burakovsky wins face-off versus Boone Jenner in neutral zone.
16:38 of 2nd period - Snap shot by Evander Kane.
16:38 of 2nd period - Deflect By Andre Burakovsky.
16:38 of 2nd period - Shot Hit the Post.
16:38 of 2nd period - Puck is out of play.
16:39 of 2nd period - Boone Jenner wins face-off versus Bo Horvat in Sharks zone.
16:39 of 2nd period - Boone Jenner is hit by Evander Kane.
16:50 of 2nd period - Ronalds Kenins is hit by Bo Horvat and loses puck.
17:10 of 2nd period - Off-side.
17:11 of 2nd period - Boone Jenner wins face-off versus Elias Pettersson in neutral zone.
17:14 of 2nd period - Snap shot by Tyler Cuma.
17:14 of 2nd period - Stopped by Kristers Gudlevskis with a rebound.
17:26 of 2nd period - Snap shot by Boone Jenner.
17:26 of 2nd period - Stopped by Kristers Gudlevskis with a rebound.
18:42 of 2nd period - Off-side.
18:43 of 2nd period - Boone Jenner wins face-off versus Evander Kane in neutral zone.
18:55 of 2nd period - Slapshot by Drew Doughty.
18:55 of 2nd period - Shot Blocked by Zach Werenski.
18:57 of 2nd period - Wrist shot by Boone Jenner.
18:57 of 2nd period - Shot Blocked by John Klingberg.
18:59 of 2nd period - Snap shot by Ronalds Kenins.
18:59 of 2nd period - Shot Blocked by Bo Horvat.
19:14 of 2nd period - Slapshot by Mike Lundin.
19:14 of 2nd period - Shot Blocked by John Klingberg.
19:16 of 2nd period - Slapshot by Drew Doughty.
19:16 of 2nd period - Stopped by Kristers Gudlevskis with a rebound.
19:18 of 2nd period - Snap shot by Wayne Simmonds.
19:18 of 2nd period - Shot Blocked by Zach Werenski.
19:20 of 2nd period - Wrist shot by Wayne Simmonds.
19:20 of 2nd period - Shot Blocked by John Klingberg.
19:29 of 2nd period - Icing by Jason Zucker.
19:30 of 2nd period - Aleksander Barkov wins face-off versus Gustav Nyquist in Maple Leafs zone.
Goals for this period are 1 for Sharks vs 1 for Maple Leafs.
Shots for this period are 11 for Sharks vs 10 for Maple Leafs.
3rd period
0:01 of 3rd period - Bo Horvat wins face-off versus Conor Sheary in neutral zone.
0:04 of 3rd period - Slapshot by John Klingberg.
0:04 of 3rd period - Shot Misses the Net.
0:18 of 3rd period - Boone Jenner is hit by Bo Horvat and loses puck.
0:53 of 3rd period - Vince Hinostroza is hit by Brandon Saad and loses puck.
2:10 of 3rd period - Slapshot by Jon Merrill.
2:10 of 3rd period - Stopped by Malcolm Subban without a rebound.
2:11 of 3rd period - Oscar Sundqvist wins face-off versus Aleksander Barkov in Sharks zone.
3:59 of 3rd period - Haydn Fleury is hit by Connor Murphy and loses puck.
4:06 of 3rd period - Backhand shot by Evander Kane.
4:06 of 3rd period - Stopped by Malcolm Subban without a rebound.
4:07 of 3rd period - Elias Pettersson wins face-off versus Boone Jenner in Sharks zone.
4:08 of 3rd period - Wrist shot by Ben Smith.
4:08 of 3rd period - Stopped by Malcolm Subban without a rebound.
4:09 of 3rd period - Elias Pettersson wins face-off versus Boone Jenner in Sharks zone.
4:10 of 3rd period - Snap shot by Jason Zucker.
4:10 of 3rd period - Stopped by Malcolm Subban without a rebound.
4:11 of 3rd period - Elias Pettersson wins face-off versus Boone Jenner in Sharks zone.
4:43 of 3rd period - Slapshot by Bo Horvat.
4:43 of 3rd period - Shot Misses the Net.
4:49 of 3rd period - Snap shot by Evander Kane.
4:49 of 3rd period - Stopped by Malcolm Subban with a rebound.
5:03 of 3rd period - Wrist shot by Brendan Gaunce.
5:03 of 3rd period - Stopped by Kristers Gudlevskis without a rebound.
5:04 of 3rd period - Brendan Gaunce wins face-off versus Elias Pettersson in Maple Leafs zone.
5:15 of 3rd period - Slapshot by Jason Zucker.
5:15 of 3rd period - Stopped by Malcolm Subban without a rebound.
5:16 of 3rd period - Bo Horvat wins face-off versus Boone Jenner in Sharks zone.
5:43 of 3rd period - Oscar Sundqvist is hit by Ben Smith and loses puck.
6:10 of 3rd period - Snap shot by Nicholas Baptiste.
6:10 of 3rd period - Stopped by Malcolm Subban without a rebound.
6:11 of 3rd period - Bo Horvat wins face-off versus Boone Jenner in Sharks zone.
6:22 of 3rd period - Snap shot by Conor Sheary.
6:22 of 3rd period - Shot Misses the Net.
6:24 of 3rd period - Wrist shot by Conor Sheary.
6:24 of 3rd period - Shot Misses the Net.
6:26 of 3rd period - Slapshot by Tyler Cuma.
6:26 of 3rd period - Shot Misses the Net.
6:28 of 3rd period - Snap shot by Ronalds Kenins.
6:28 of 3rd period - Shot Misses the Net.
6:38 of 3rd period - Elias Pettersson is hit by Zach Parise.
7:55 of 3rd period - Wrist shot by Evander Kane.
7:55 of 3rd period - Shot Misses the Net.
8:07 of 3rd period - Slapshot by Arturs Kulda.
8:07 of 3rd period - Stopped by Kristers Gudlevskis with a rebound.
8:09 of 3rd period - Snap shot by Jeremy Morin.
8:09 of 3rd period - Shot Misses the Net.
8:11 of 3rd period - Slapshot by Ronalds Kenins.
8:11 of 3rd period - Deflect By Gustav Nyquist.
8:11 of 3rd period - Stopped by Kristers Gudlevskis with a rebound.
8:13 of 3rd period - Wrist shot by Gustav Nyquist.
8:13 of 3rd period - Stopped by Kristers Gudlevskis with a rebound.
8:43 of 3rd period - Brenden Dillon is hit by Jeremy Morin.
9:15 of 3rd period - Slapshot by Pontus Aberg.
9:15 of 3rd period - Shot Blocked by Ronalds Kenins.
9:37 of 3rd period - Snap shot by Andre Burakovsky.
9:37 of 3rd period - Deflect By Bo Horvat.
9:37 of 3rd period - Stopped by Malcolm Subban without a rebound.
9:38 of 3rd period - Brendan Gaunce wins face-off versus Bo Horvat in Sharks zone.
9:38 of 3rd period - Brendan Gaunce is hit by Evander Kane.
10:04 of 3rd period - Wayne Simmonds is hit by Brandon Saad and loses puck.
10:13 of 3rd period - Aleksander Barkov is hit by Zach Parise and loses puck.
11:22 of 3rd period - Luke Schenn is hit by Ronalds Kenins and loses puck.
12:03 of 3rd period - Wrist shot by Zach Parise.
12:03 of 3rd period - Stopped by Kristers Gudlevskis without a rebound.
12:04 of 3rd period - Patrice Cormier wins face-off versus Boone Jenner in Maple Leafs zone.
12:15 of 3rd period - Slapshot by Drew Doughty.
12:15 of 3rd period - Shot Blocked by John Klingberg.
12:17 of 3rd period - Slapshot by Ronalds Kenins.
12:17 of 3rd period - Shot Blocked by Zach Werenski.
12:38 of 3rd period - Wrist shot by Oscar Sundqvist.
12:38 of 3rd period - Shot Misses the Net.
12:47 of 3rd period - Off-side.
12:48 of 3rd period - Brendan Gaunce wins face-off versus Elias Pettersson in neutral zone.
12:59 of 3rd period - Snap shot by Vince Hinostroza.
12:59 of 3rd period - Shot Misses the Net.
13:40 of 3rd period - Backhand shot by Oscar Sundqvist.
13:40 of 3rd period - Stopped by Kristers Gudlevskis with a rebound.
13:42 of 3rd period - Slapshot by Connor Murphy.
13:42 of 3rd period - Shot Misses the Net.
13:44 of 3rd period - Slapshot by Arturs Kulda.
13:44 of 3rd period - Stopped by Kristers Gudlevskis without a rebound.
13:45 of 3rd period - Boone Jenner wins face-off versus Elias Pettersson in Maple Leafs zone.
14:04 of 3rd period - Jason Zucker is hit by Arturs Kulda and loses puck.
16:10 of 3rd period - Boone Jenner is hit by Haydn Fleury and loses puck.
16:55 of 3rd period - Snap shot by Brendan Gaunce.
16:55 of 3rd period - Shot Misses the Net.
16:57 of 3rd period - Snap shot by Markus Nutivaara.
16:57 of 3rd period - Deflect By Aleksander Barkov.
16:57 of 3rd period - Stopped by Kristers Gudlevskis without a rebound.
16:58 of 3rd period - Aleksander Barkov wins face-off versus Brendan Gaunce in Maple Leafs zone.
17:05 of 3rd period - Snap shot by Nicholas Baptiste.
17:05 of 3rd period - Shot Misses the Net.
17:07 of 3rd period - Snap shot by Aleksander Barkov.
17:07 of 3rd period - Shot Misses the Net.
17:19 of 3rd period - Minor Penalty to Brendan Gaunce for Hooking.
17:20 of 3rd period - Bo Horvat wins face-off versus Ronalds Kenins in Sharks zone.
17:47 of 3rd period - Ben Smith is hit by Boone Jenner and loses puck.
18:17 of 3rd period - Jon Merrill is hit by Ronalds Kenins and loses puck.
18:21 of 3rd period - Icing by Andre Burakovsky.
18:22 of 3rd period - Bo Horvat wins face-off versus Ronalds Kenins in Maple Leafs zone.
18:27 of 3rd period - Wrist shot by Evander Kane.
18:27 of 3rd period - Stopped by Malcolm Subban with a rebound.
18:43 of 3rd period - Wrist shot by Elias Pettersson.
18:43 of 3rd period - Shot Misses the Net.
18:45 of 3rd period - Slapshot by Elias Pettersson.
18:45 of 3rd period - Deflect By Ben Smith.
18:45 of 3rd period - Shot Misses the Net.
18:45 of 3rd period - Puck is out of play.
18:46 of 3rd period - Ronalds Kenins wins face-off versus Elias Pettersson in Sharks zone.
18:46 of 3rd period - Ronalds Kenins is hit by Ben Smith.
19:19 of 3rd period - Penalty to Brendan Gaunce is over, Brendan Gaunce is back on ice.
19:58 of 3rd period - Patrice Cormier is hit by Vince Hinostroza and loses puck.
Goals for this period are 0 for Sharks vs 0 for Maple Leafs.
Shots for this period are 8 for Sharks vs 9 for Maple Leafs.
Overtime #1
0:01 of 1st overtime period - Ben Smith wins face-off versus Conor Sheary in neutral zone.
0:08 of 1st overtime period - Wrist shot by Ben Smith.
0:08 of 1st overtime period - Stopped by Malcolm Subban without a rebound.
0:09 of 1st overtime period - Ben Smith wins face-off versus Conor Sheary in Sharks zone.
0:32 of 1st overtime period - Snap shot by Conor Sheary.
0:32 of 1st overtime period - Stopped by Kristers Gudlevskis without a rebound.
0:33 of 1st overtime period - Conor Sheary wins face-off versus Ben Smith in Maple Leafs zone.
0:38 of 1st overtime period - Snap shot by Ronalds Kenins.
0:38 of 1st overtime period - Goal by Ronalds Kenins - Sharks : 3 - Maple Leafs : 2.
Goals for this period are 1 for Sharks vs 0 for Maple Leafs.
Shots for this period are 2 for Sharks vs 1 for Maple Leafs.